[ AOE2 MATCH · #505974738 ]
UnrankedGeorgians vs Portuguese
Player's team · WIN
Rival team · LOSS
[ REPLAY ANALYSIS · EXTRACTED FROM THE RECORDED GAME ]
Feudal
8:02
Castle
24:33
Imperial
—
| APM avg | 47.4 |
| APM peak | 101 |
| eAPM avg | 20.0 |
| Villagers / military | 109 / 34 |
Focus
⚔️ 22.7% · 🌾 77.3%
Scout Cavalry ×21 · Monk ×6 · Mangonel ×5 · Knight ×2
Feudal
10:37
Castle
15:31
Imperial
—
| APM avg | 28.1 |
| APM peak | 55 |
| eAPM avg | 11.8 |
| Villagers / military | 22 / 54 |
Focus
⚔️ 32.1% · 🌾 67.9%
Organ Gun ×31 · Monk ×17 · Battering Ram ×4 · Scorpion ×2
Match map
Initial resources + every placement click. Lines = walls · curves = elevation contours. ◆ gold · ⬟ stone · ● berries · ✦ relic · ◌ wall gap
Your base· ✓ Closed at 24:33 · 80t walls · no gate
Medusinnn's base· Open — unwalled flank
Smoothed initial terrain · ◌ = detected wall gap · hover for details
Inputs per minute
— PaitVa1127 - - Medusinnn
Build order — PaitVa1127
First 150 of 313 actions detected
| 0:00 | Queue | Villager (Male) |
| 0:01 | Queue | Villager (Male) |
| 0:01 | Queue | Villager (Male) |
| 0:01 | Queue | Villager (Male) |
| 0:02 | Build | House |
| 0:03 | Build | House |
| 1:42 | Queue | Villager (Male) |
| 2:04 | Queue | Villager (Male) |
| 2:22 | Queue | Villager (Male) |
| 2:45 | Queue | Villager (Male) |
| 2:55 | Queue | Villager (Male) |
| 3:35 | Queue | Villager (Male) |
| 3:52 | Build | House |
| 3:59 | Build | House |
| 4:04 | Queue | Villager (Male) |
| 4:36 | Queue | Villager (Male) |
| 4:40 | Build | Mill |
| 5:00 | Queue | Villager (Male) |
| 5:17 | Research | Loom |
| 5:50 | Research | Feudal Age |
| 6:57 | Queue | Villager (Male) |
| 7:11 | Build | Mule Cart |
| 7:52 | Build | House |
| 8:02 | Age | Feudal Age |
| 8:12 | Build | Watch Tower |
| 8:27 | Build | Palisade Wall |
| 8:29 | Build | Palisade Wall |
| 8:30 | Build | Palisade Wall |
| 8:33 | Build | Palisade Wall |
| 8:38 | Build | Palisade Wall |
| 8:43 | Build | Palisade Wall |
| 8:47 | Build | Palisade Wall |
| 8:50 | Queue | Villager (Male) |
| 8:53 | Research | Double-Bit Axe |
| 8:58 | Build | Palisade Wall |
| 9:00 | Build | Palisade Wall |
| 9:02 | Build | Palisade Wall |
| 9:05 | Build | Palisade Wall |
| 9:16 | Queue | Villager (Male) |
| 9:19 | Queue | Villager (Male) |
| 9:22 | Build | Barracks |
| 10:15 | Build | Palisade Wall |
| 10:23 | Queue | Villager (Male) |
| 10:23 | Queue | Villager (Male) |
| 10:48 | Build | Stable |
| 10:49 | Queue | Villager (Male) |
| 11:09 | Queue | Villager (Male) |
| 11:31 | Build | Watch Tower |
| 11:50 | Build | Watch Tower |
| 11:53 | Build | Palisade Wall |
| 11:57 | Build | Palisade Wall |
| 12:12 | Build | Watch Tower |
| 12:18 | Queue | Villager (Male) |
| 12:18 | Queue | Villager (Male) |
| 12:18 | Queue | Villager (Male) |
| 12:25 | Build | House |
| 12:26 | Build | House |
| 12:31 | Research | Town Watch |
| 12:32 | Queue | Villager (Male) |
| 13:11 | Build | House |
| 13:12 | Build | House |
| 13:20 | Build | Palisade Wall |
| 13:23 | Build | Palisade Wall |
| 13:29 | Queue | Villager (Male) |
| 14:13 | Queue | Villager (Male) |
| 14:13 | Queue | Villager (Male) |
| 14:24 | Build | Stone Wall |
| 14:26 | Queue | Villager (Male) |
| 14:29 | Queue | Villager (Male) |
| 14:36 | Build | Stone Wall |
| 14:45 | Build | Stone Wall |
| 14:46 | Queue | Villager (Male) |
| 15:22 | Build | House |
| 15:30 | Build | Watch Tower |
| 15:31 | Queue | Villager (Male) |
| 15:31 | Queue | Villager (Male) |
| 15:40 | Build | Palisade Wall |
| 15:43 | Build | Palisade Wall |
| 15:45 | Build | Palisade Wall |
| 15:47 | Build | Palisade Wall |
| 15:49 | Build | Palisade Wall |
| 16:00 | Build | Palisade Wall |
| 16:14 | Build | Farm |
| 16:16 | Build | Farm |
| 16:17 | Build | Farm |
| 16:21 | Build | Farm |
| 16:24 | Build | Farm |
| 16:26 | Build | Farm |
| 16:35 | Build | Farm |
| 16:44 | Queue | Villager (Male) |
| 16:50 | Build | Farm |
| 16:57 | Queue | Villager (Male) |
| 17:18 | Build | Stone Wall |
| 17:23 | Build | Stone Wall |
| 17:27 | Queue | Villager (Male) |
| 17:29 | Build | Farm |
| 17:57 | Build | Farm |
| 18:09 | Queue | Villager (Male) |
| 18:11 | Queue | Villager (Male) |
| 18:16 | Build | Farm |
| 18:26 | Build | Farm |
| 18:47 | Build | Stone Wall |
| 18:49 | Build | Stone Wall |
| 19:00 | Queue | Villager (Male) |
| 19:09 | Queue | Villager (Male) |
| 19:11 | Build | Farm |
| 19:18 | Build | Farm |
| 20:00 | Build | Stone Wall |
| 20:07 | Build | Stone Wall |
| 20:09 | Queue | Villager (Male) |
| 20:12 | Build | House |
| 20:49 | Build | Stone Wall |
| 20:58 | Build | Market |
| 21:02 | Queue | Villager (Male) |
| 21:11 | Build | Farm |
| 21:13 | Build | Farm |
| 21:16 | Build | Farm |
| 21:22 | Build | House |
| 21:53 | Research | Castle Age |
| 21:59 | Build | Stone Wall |
| 22:54 | Research | Gold Mining |
| 23:17 | Build | Farm |
| 23:26 | Queue | Villager (Male) |
| 23:55 | Queue | Villager (Male) |
| 24:03 | Build | House |
| 24:11 | Build | House |
| 24:30 | Build | Stone Wall |
| 24:33 | Age | Castle Age |
| 24:40 | Build | Monastery |
| 24:43 | Build | Blacksmith |
| 24:47 | Research | Bow Saw |
| 25:04 | Build | Stone Wall |
| 25:18 | Build | Siege Workshop |
| 25:27 | Queue | Monk |
| 25:56 | Queue | Mangonel |
| 25:57 | Queue | Mangonel |
| 26:11 | Research | Fletching |
| 26:15 | Queue | Villager (Male) |
| 26:16 | Queue | Villager (Male) |
| 26:16 | Queue | Villager (Male) |
| 26:59 | Queue | Villager (Male) |
| 26:59 | Queue | Villager (Male) |
| 27:03 | Research | Redemption |
| 27:09 | Queue | Villager (Male) |
| 27:12 | Build | Farm |
| 27:13 | Queue | Villager (Male) |
| 27:21 | Queue | Villager (Male) |
| 27:38 | Queue | Monk |
| 27:46 | Queue | Villager (Male) |
| 27:48 | Build | Farm |
Build order — Medusinnn
104 actions detected in the replay
| 0:04 | Queue | Villager (Male) |
| 0:04 | Queue | Villager (Male) |
| 0:05 | Build | House |
| 0:07 | Build | House |
| 0:54 | Queue | Villager (Male) |
| 0:54 | Queue | Villager (Male) |
| 1:29 | Queue | Villager (Male) |
| 2:03 | Queue | Villager (Male) |
| 2:55 | Build | Lumber Camp |
| 2:59 | Queue | Villager (Male) |
| 3:00 | Queue | Villager (Male) |
| 3:00 | Queue | Villager (Male) |
| 3:00 | Queue | Villager (Male) |
| 3:42 | Build | House |
| 3:59 | Queue | Villager (Male) |
| 3:59 | Queue | Villager (Male) |
| 4:13 | Queue | Villager (Male) |
| 5:21 | Queue | Villager (Male) |
| 5:42 | Build | Mill |
| 5:48 | Queue | Villager (Male) |
| 6:03 | Build | House |
| 6:16 | Queue | Villager (Male) |
| 6:25 | Queue | Villager (Male) |
| 7:04 | Queue | Villager (Male) |
| 7:39 | Queue | Villager (Male) |
| 7:50 | Queue | Villager (Male) |
| 8:00 | Queue | Villager (Male) |
| 8:07 | Research | Loom |
| 8:25 | Research | Feudal Age |
| 10:37 | Age | Feudal Age |
| 10:41 | Build | Blacksmith |
| 10:44 | Build | Market |
| 10:57 | Queue | Villager (Male) |
| 11:05 | Build | Mining Camp |
| 11:58 | Build | Mining Camp |
| 12:32 | Build | Palisade Wall |
| 12:51 | Research | Castle Age |
| 14:51 | Build | Mining Camp |
| 15:31 | Age | Castle Age |
| 17:03 | Build | Castle |
| 18:30 | Research | Double-Bit Axe |
| 19:17 | Build | Mining Camp |
| 19:38 | Queue | Organ Gun |
| 19:39 | Queue | Organ Gun |
| 20:06 | Queue | Organ Gun |
| 20:35 | Queue | Organ Gun |
| 20:51 | Queue | Organ Gun |
| 21:18 | Queue | Organ Gun |
| 21:30 | Queue | Organ Gun |
| 22:22 | Build | Siege Workshop |
| 22:30 | Queue | Organ Gun |
| 23:10 | Queue | Battering Ram |
| 23:42 | Queue | Battering Ram |
| 23:43 | Queue | Organ Gun |
| 24:29 | Build | Monastery |
| 24:43 | Queue | Organ Gun |
| 25:07 | Queue | Organ Gun |
| 25:18 | Queue | Monk |
| 25:52 | Queue | Monk |
| 26:27 | Build | Monastery |
| 26:30 | Queue | Monk |
| 26:32 | Queue | Organ Gun |
| 27:23 | Research | Redemption |
| 27:57 | Research | Sanctity |
| 28:47 | Queue | Organ Gun |
| 29:31 | Research | Devotion |
| 29:47 | Queue | Monk |
| 30:13 | Queue | Monk |
| 30:16 | Queue | Organ Gun |
| 30:17 | Queue | Organ Gun |
| 30:31 | Queue | Monk |
| 30:32 | Queue | Monk |
| 31:11 | Queue | Monk |
| 31:11 | Queue | Monk |
| 31:35 | Queue | Organ Gun |
| 31:35 | Queue | Organ Gun |
| 32:05 | Queue | Organ Gun |
| 32:06 | Queue | Organ Gun |
| 32:46 | Queue | Organ Gun |
| 32:47 | Queue | Organ Gun |
| 32:48 | Queue | Monk |
| 32:49 | Queue | Monk |
| 33:12 | Queue | Organ Gun |
| 33:59 | Research | Fervor |
| 34:23 | Research | Atonement |
| 34:45 | Queue | Battering Ram |
| 34:55 | Queue | Organ Gun |
| 34:55 | Queue | Organ Gun |
| 35:37 | Queue | Organ Gun |
| 36:25 | Queue | Monk |
| 36:30 | Queue | Monk |
| 37:26 | Queue | Monk |
| 37:26 | Queue | Monk |
| 38:01 | Queue | Monk |
| 38:01 | Queue | Monk |
| 38:06 | Queue | Organ Gun |
| 39:09 | Queue | Organ Gun |
| 39:09 | Queue | Organ Gun |
| 39:15 | Queue | Organ Gun |
| 39:24 | Queue | Organ Gun |
| 40:07 | Queue | Scorpion |
| 40:19 | Queue | Scorpion |
| 40:45 | Queue | Organ Gun |
| 40:56 | Queue | Battering Ram |
Match timeline
| 8:02 | PaitVa1127 · age_up feudal |
| 8:27 | PaitVa1127 · wall_segment Palisade Wall x1 |
| 8:29 | PaitVa1127 · wall_segment Palisade Wall x1 |
| 8:30 | PaitVa1127 · wall_segment Palisade Wall x1 |
| 8:33 | PaitVa1127 · wall_segment Palisade Wall x1 |
| 8:38 | PaitVa1127 · wall_segment Palisade Wall x1 |
| 8:43 | PaitVa1127 · wall_segment Palisade Wall x1 |
| 8:47 | PaitVa1127 · wall_segment Palisade Wall x1 |
| 8:58 | PaitVa1127 · wall_segment Palisade Wall x1 |
| 9:00 | PaitVa1127 · wall_segment Palisade Wall x1 |
| 9:02 | PaitVa1127 · wall_segment Palisade Wall x1 |
| 9:05 | PaitVa1127 · wall_segment Palisade Wall x1 |
| 9:22 | PaitVa1127 · first_building Barracks |
| 10:15 | PaitVa1127 · wall_segment Palisade Wall x1 |
| 10:37 | Medusinnn · age_up feudal |
| 10:48 | PaitVa1127 · first_building Stable |
| 11:53 | PaitVa1127 · wall_segment Palisade Wall x1 |
| 11:57 | PaitVa1127 · wall_segment Palisade Wall x1 |
| 12:32 | Medusinnn · wall_segment Palisade Wall x1 |
| 12:48 | Medusinnn · first_market_sell 100 stone |
| 13:20 | PaitVa1127 · wall_segment Palisade Wall x1 |
| 13:23 | PaitVa1127 · wall_segment Palisade Wall x1 |
| 14:24 | PaitVa1127 · wall_segment Stone Wall x12 |
| 14:36 | PaitVa1127 · wall_segment Stone Wall x3 |
| 14:45 | PaitVa1127 · wall_segment Stone Wall x11 |
| 15:31 | Medusinnn · age_up castle |
| 15:40 | PaitVa1127 · wall_segment Palisade Wall x1 |
| 15:43 | PaitVa1127 · wall_segment Palisade Wall x1 |
| 15:45 | PaitVa1127 · wall_segment Palisade Wall x1 |
| 15:47 | PaitVa1127 · wall_segment Palisade Wall x1 |
| 15:49 | PaitVa1127 · wall_segment Palisade Wall x1 |
| 16:00 | PaitVa1127 · wall_segment Palisade Wall x1 |
| 17:03 | Medusinnn · first_building Castle |
| 17:18 | PaitVa1127 · wall_segment Stone Wall x1 |
| 17:23 | PaitVa1127 · wall_segment Stone Wall x4 |
| 18:47 | PaitVa1127 · wall_segment Stone Wall x7 |
| 18:49 | PaitVa1127 · wall_segment Stone Wall x11 |
| 20:00 | PaitVa1127 · wall_segment Stone Wall x6 |
| 20:07 | PaitVa1127 · wall_segment Stone Wall x4 |
| 20:49 | PaitVa1127 · wall_segment Stone Wall x1 |
| 21:59 | PaitVa1127 · wall_segment Stone Wall x1 |
| 22:22 | Medusinnn · first_building Siege Workshop |
| 24:25 | Medusinnn · first_market_buy 100 wood |
| 24:29 | Medusinnn · first_building Monastery |
| 24:30 | PaitVa1127 · wall_segment Stone Wall x1 |
| 24:33 | PaitVa1127 · age_up castle |
| 24:40 | PaitVa1127 · first_building Monastery |
| 25:04 | PaitVa1127 · wall_segment Stone Wall x7 |
| 25:18 | PaitVa1127 · first_building Siege Workshop |
| 26:45 | PaitVa1127 · first_market_sell 100 food |
| 26:45 | PaitVa1127 · first_market_buy 100 wood |
| 43:06 | Medusinnn · resign |
[ AI ANALYSIS · 1 CREDIT ]
What really happened in this match?
Wolo.gg analyzes every decision: build order, eco, micro, common mistakes by bracket. Personalized analysis on WhatsApp or Discord in 30 seconds.
Civ guide
Georgians
Perfil
Jugador #23885797